 Dungeon Crawl Stone Soup version 0.14.2 (webtiles) character file.

194 Amnesiac the Charlatan (level 4, -1/23 HPs)
             Began as a Spriggan Artificer on Feb 9, 2018.
             Slain by a giant gecko (2 damage)
             ... while paralysed by a giant eyeball
             ... on Level 4 of the Dungeon.
             The game lasted 00:02:31 (938 turns).

Amnesiac the Charlatan (Spriggan Artificer)          Turns: 938, Time: 00:02:31

HP  -1/23        AC  2     Str  8      XL: 4   Next: 93%
MP  12/12        EV  4     Int 13      God:
Gold 61          SH  0     Dex 16      Spells:  0 memorised,  3 levels left

rFire  . . .     SeeInvis +     b - +0 sling
rCold  . . .     Clarity  .     o - +0 robe {MR+}
rNeg   . . .     Conserve .     (shield restricted)
rPois  .         rCorr    .     (helmet restricted)
rElec  .         rRot     .     (no cloak)
SustAb . .       Spirit   .     (gloves unavailable)
rMut   .         Warding  .     (boots unavailable)
Saprov . . .     Stasis   .     (no amulet)
MR     +....                    (no ring)
                                (no ring)

@: paralysed, lethally poisoned, very quick, somewhat resistant to hostile
enchantments, fairly stealthy
A: unfitting armour, see invisible, herbivore 3, speed 3, slow metabolism 2
a: no special abilities


You were on level 4 of the Dungeon.
You were not hungry.

You visited 1 branch of the dungeon, and saw 4 of its levels.

You collected 61 gold pieces.

Inventory:

Hand weapons
 a - a +0,+0 short sword
 b - a +0,+0 sling (weapon)
Missiles
 h - 25 sling bullets (quivered)
Armour
 o - a +0 robe of magic resistance (worn)
Magical devices
 c - a wand of enslavement (14)
 d - a wand of random effects (4)
 l - a wand of flame (15)
Scrolls
 k - a scroll of enchant weapon I {!r, unknown}
 p - a scroll of remove curse {!r, unknown}
 r - a scroll of enchant weapon II {!r, unknown}
 s - a scroll of magic mapping {!r, unknown}
Potions
 f - a potion of porridge {!q}
 g - 3 potions of curing {!q, unknown}
 i - a potion of restore abilities {!q, unknown}
 j - a potion of might {!q, unknown}
 m - 3 potions of heal wounds {!q, unknown}
 n - a potion of resistance {!q, unknown}
 q - a potion of poison {!q, unknown}
Books
 e - a book of Clouds

   Spells                             Type                      Level
   Mephitic Cloud                     Conjuration/Poison/Air       3
   Conjure Flame                      Conjuration/Fire             3
   Poisonous Cloud                    Conjuration/Poison/Air       6
   Freezing Cloud                     Conjuration/Ice/Air          6
   Ring of Flames                     Charms/Fire                  7


   Skills:
 + Level 1.7 Fighting
 - Level 1.1 Short Blades
 + Level 4.8 Dodging
 - Level 1.5 Stealth
 * Level 6.2 Evocations


You had 3 spell levels left.
You didn't know any spells.

Dungeon Overview and Level Annotations

Branches:
Dungeon (4/15)
 Temple: D:4-7

Altars:


Innate Abilities, Weirdness & Mutations

You are tiny and cannot use many weapons and most armour.
You have supernaturally acute eyesight.
You are a herbivore.
You cover ground extremely quickly.
You need consume almost no food.


Message History

There is a stone staircase leading down here.
You climb downwards.
A worker ant, a goblin and a kobold come into view.
The worker ant twitches its antennae in your direction.
The kobold shouts!
The goblin shouts!
The worker ant moves out of view.
The kobold throws a dart.
The dart misses you.
Found a scroll labeled LIHYUN CHAMYNY.
Found an escape hatch in the floor.
There is a stone staircase leading up here.
You see here a dart.
Firing (i - inventory):
h - 29 sling bullets (quivered)
Press: ? - help, Shift-Dir - straight line, f - kobold
Aim: a kobold, wielding a club You shoot a sling bullet.
The sling bullet hits the kobold.
The kobold is moderately wounded.
The kobold moves out of view.
The worker ant closely misses you.
Firing (i - inventory):
h - 28 sling bullets (quivered)
Press: ? - help, Shift-Dir - straight line, f - worker ant
Aim: a worker ant You shoot a sling bullet.
The sling bullet hits the worker ant.
The worker ant is lightly wounded.
The worker ant bites you.
Firing (i - inventory):
h - 27 sling bullets (quivered)
Press: ? - help, Shift-Dir - straight line, f/p - worker ant
Aim: a worker ant (lightly wounded)
You shoot a sling bullet. The sling bullet hits the worker ant.
The worker ant is moderately wounded.
The worker ant closely misses you. The kobold hits you with a club.
Firing (i - inventory):
h - 26 sling bullets (quivered)
Press: ? - help, Shift-Dir - straight line, f/p - worker ant
Aim: a worker ant (moderately wounded)
You shoot a sling bullet. The sling bullet hits the worker ant.
The worker ant is moderately wounded.
The worker ant closely misses you. The goblin hits you with a club.
The kobold barely misses you. The worker ant bites you.
A giant eyeball comes into view.
Found a scroll labeled BUUTAI BLUA.
A hobgoblin comes into view. It is wielding a club.
The hobgoblin shouts!
A giant gecko comes into view.
Found 11 gold pieces.
The giant gecko barely misses you.
Found 16 gold pieces.
Evoke which item? (* to show all) (? for menu, Esc to quit)
Zapping:
c - a wand of enslavement (15)
Press: ? - help, Shift-Dir - straight line, f - giant eyeball, p - worker ant
Aim: a giant eyeball The giant eyeball struggles to resist.
This wand has 14 charges left.
The worker ant waves its antennae.
The giant eyeball stares at you.
You suddenly lose the ability to move!
The giant gecko bites you.
* * * LOW HITPOINT WARNING * * *
The worker ant bites you.
* * * LOW HITPOINT WARNING * * *
The giant gecko bites you.
* * * LOW HITPOINT WARNING * * *
The worker ant bites you.
* * * LOW HITPOINT WARNING * * *
The giant gecko bites you but does no damage.
The worker ant bites you.
* * * LOW HITPOINT WARNING * * *
You are lethally poisoned!
The worker ant poisons you! The giant gecko bites you.
You die...

#.#.#.#<#.#.##
......((......#
#.#.#.#.#g#.##
............#
#.#.#.#.#.##
....?.......#
#.#.#G#.#.#.##
..$....Kalg...#
#.#.#.#@#.#$##
########


You could see a giant eyeball, a worker ant, a giant gecko, a goblin and a
kobold.

Vanquished Creatures
  Sigmund (D:2)
  Terence (D:3)
  2 adders (D:2)
  A giant gecko (D:2)
  2 oozes
  An orc (D:3)
  6 goblins
  A hobgoblin (D:3)
  A ball python (D:3)
  3 bats
  A giant cockroach (D:1)
  3 kobolds
  A quokka (D:3)
  3 rats
27 creatures vanquished.

Notes
Turn   | Place    | Note
--------------------------------------------------------------
     0 | D:1      | Amnesiac, the Spriggan Artificer, began the quest for the Orb.
     0 | D:1      | Reached XP level 1. HP: 9/9 MP: 2/2
   314 | D:1      | Reached skill level 1 in Fighting
   332 | D:1      | Reached XP level 2. HP: 12/14 MP: 5/5
   432 | D:2      | Noticed Sigmund
   437 | D:2      | Killed Sigmund
   437 | D:2      | Reached skill level 5 in Evocations
   437 | D:2      | Reached XP level 3. HP: 18/18 MP: 8/8
   437 | D:2      | Reached XP level 4. HP: 22/22 MP: 11/11
   531 | D:2      | Reached skill level 6 in Evocations
   709 | D:3      | Noticed Terence
   759 | D:3      | Killed Terence
   935 | D:4      | Paralysed by a giant eyeball for 4 turns
   938 | D:4      | HP: 1/23 [worker ant (6)]
   938 | D:4      | Slain by a giant gecko

Action                   |  1- 3 |  4- 6 || total
-------------------------+-------+-------++-------
Melee: Short sword       |     9 |     7 ||    16
 Fire: Sling             |    15 |    83 ||    98
Evoke: Wand              |     4 |     8 ||    12
 Stab: Sleeping          |     2 |       ||     2
       Paralysed         |       |     4 ||     4
